 Dungeon Crawl Stone Soup version 0.22-a0-855-g415d086bb8 (webtiles) character file.

196 Htamos the Sneak (level 5, 0/34 HPs)
             Began as an Octopode Wizard on July 27, 2018.
             Succumbed to an adder's poison
             ... on level 5 of the Dungeon.
             The game lasted 00:05:23 (4801 turns).

Htamos the Sneak (Octopode Wizard)                  Turns: 4801, Time: 00:05:24

Health: 0/34       AC:  1    Str:  6    XL:     5   Next: 74%
Magic:  9/10       EV: 14    Int: 21    God:
Gold:   223        SH:  0    Dex: 11    Spells: 10/11 levels left

rFire    . . .     SeeInvis .   j - +0 war axe (curse)
rCold    . . .     Gourm    .   (no shield)
rNeg     . . .     Faith    .   a - +0 hat
rPois    .         Spirit   .   (no amulet)
rElec    .         Reflect  .   (no ring)
rCorr    .         Harm     .   (no ring)
MR       .....                  (no ring)
Stlth    +++.......             (no ring)
HPRegen  0.11/turn              (no ring)
MPRegen  0.12/turn              (no ring)
                                (no ring)
                                (no ring)

@: lethally poisoned (0 -> -1)
A: almost no armour, stealthy swim, amphibious, 8 rings, constrict 8, camouflage
1, gelatinous body 1
a: no special abilities


You were on level 5 of the Dungeon.
You were hungry.

You visited 1 branch of the dungeon, and saw 5 of its levels.

You collected 223 gold pieces.

Inventory:

Hand Weapons
 g - a +1 flail
 h - a +0 whip
 j - a cursed +0 war axe (weapon)
 m - a +0 whip
Armour
 a - a +0 hat (worn)
Jewellery
 d - an uncursed ring of protection from cold {unknown}
 l - an uncursed ring of resist corrosion {unknown}
 n - an uncursed ring of protection from cold {unknown}
Scrolls
 b - 2 scrolls of teleportation
 f - a scroll of fear {unknown}
 k - 2 scrolls of remove curse
 o - a scroll of identify
Potions
 e - 2 potions of curing
 i - a potion of magic {unknown}
Comestibles
 c - 12 rations


   Skills:
 + Level 2.2 Fighting
 + Level 3.1 Dodging
 + Level 3.9 Stealth
 + Level 3.7 Spellcasting
 + Level 2.5 Conjurations
   Level 1.0 Summonings
   Level 1.0 Translocations


You had 10 spell levels left.
You knew the following spells:

 Your Spells              Type           Power        Failure   Level  Hunger
a - Magic Dart            Conj           ##..         4%          1    None

Your spell library contained the following spells:

 Spells                   Type           Power        Failure   Level  Hunger
 Conjure Flame            Conj/Fire      #.......     22%         3    ###....
 Slow                     Hex            #.......     19%         2    ##.....
 Confuse                  Hex            #.......     36%         3    ###....
 Mephitic Cloud           Conj/Pois/Air  #.......     26%         3    ###....
 Blink                    Tloc           N/A          12%         2    ##.....
 Call Imp                 Summ           #.......     12%         2    ##.....
 Confusing Touch          Hex            #.....       12%         1    None
 Metabolic Englaciation   Hex/Ice        #.........   98%         5    ######.
 Petrify                  Tmut/Erth      #.......     77%         4    ####...
 Gell's Gravitas          Tloc           #.........   24%         3    ###....
 Yara's Violent Unravell  Hex/Tmut       #.........   98%         5    ######.


Dungeon Overview and Level Annotations

Branches:
Dungeon (5/15)
 Temple: D:4-7

Altars:
Ru

Annotations:
D:5 Dowan, Duvessa


Innate Abilities, Weirdness & Mutations

You cannot wear most types of armour.
You are very stealthy in the water. (Stealth+)
You are amphibious.
You can wear up to eight rings at the same time.
You can use your tentacles to constrict eight enemies at once.
Your skin changes colour to match your surroundings (Stealth+).
Your rubbery body absorbs attacks. (AC +1, EV +1)


Message History

Dowan mumbles some strange words.
Dowan blinks!
The adder misses you.
Casting: Magic Dart (safe; 4% risk of failure)
Confirm with . or Enter, or press ? or * to list all spells.
Aiming: Magic Dart (safe; 4% risk of failure)
Press: ? - help, Shift-Dir - straight line, f/p - adder
Aim: an adder (almost dead, constricted by you)
The magic dart hits the adder.
You kill the adder!
You feel sick.
You feel sick.
You feel sick.
You feel sick.
You are no longer glowing.
Dowan gestures at Duvessa while chanting.
Duvessa seems to speed up.
You feel sick. Duvessa hits you with a short sword!
* * * LOW HITPOINT WARNING * * *
You die...

........
..##### #†#
### #.# ##.##
##########
#.###.#.##
#..<......
#....###.#
#.########
#####.#.##
#<# # ##.##
#.# # #.# #@#
#.#########.#
#.....e...e.#
#############


You could see Duvessa.

Vanquished Creatures
  A hound (D:4)
  A worker ant (D:4)
  Robin (D:3)
  A gnoll (D:1)
  5 adders
  A shadow imp (D:5)
  3 worms
  A dart slug (D:5)
  A leopard gecko (D:3)
  3 ball pythons
  2 giant cockroaches
  17 goblins
  4 hobgoblins
  3 jackals (D:3)
  A quokka (D:2)
  5 bats (D:1)
  2 frilled lizards
  A kobold (D:2)
  4 rats
57 creatures vanquished.

Vanquished Creatures (others)
  2 plants (D:5)
2 creatures vanquished.

Grand Total: 59 creatures vanquished

Notes
Turn   | Place    | Note
-------+----------+-------------------------------------------
     0 | D:1      | Htamos the Octopode Wizard began the quest for the Orb.
     0 | D:1      | Reached XP level 1. HP: 11/11 MP: 4/4
   173 | D:1      | Reached XP level 2. HP: 16/18 MP: 6/6
   631 | D:1      | Reached skill level 1 in Fighting
   631 | D:1      | Reached XP level 3. HP: 7/23 MP: 1/7
  1071 | D:2      | Noticed a centaur
  2017 | D:2      | Reached XP level 4. HP: 28/28 MP: 1/9
  2437 | D:3      | Found a faded altar of an unknown god.
  2640 | D:3      | Noticed Robin
  2650 | D:3      | HP: 1/28 [Robin/whip (4)]
  2657 | D:3      | Killed Robin
  2906 | D:3      | Found a sacrificial altar of Ru.
  3429 | D:3      | Reached XP level 5. HP: 34/34 MP: 6/10
  4670 | D:5      | Entered Level 5 of the Dungeon
  4769 | D:5      | Noticed Dowan
  4770 | D:5      | Noticed Duvessa
  4799 | D:5      | HP: 1/34 [Duvessa/short sword (7)]
  4801 | D:5      | Succumbed to an adder's poison

Vault maps used:
D:1:      shiori_arrival_maze
D:2:      kennysheep_generic_room_5
D:3:      nicolae_overflow_hidden_temple, chequers_ecumenical_altar_lobes,
          first_ration, uniq_robin
D:5:      minmay_temple_entry_junction, serial_bayou_ford_a, uniq_pikel,
          uniq_grinder, uniq_prince_ribbit1, uniq_duvessa

Skill      XL: |  1  2  3  4  5 |
---------------+----------------+-----
Fighting       | 1 2 |  2.2
Stealth        | 3 |  3.9
Conjurations   | 2 |  2.5
Dodging        | 3 |  3.1
Spellcasting   | |  3.7
Summonings     | |  1.0
Translocations | |  1.0

Action                   |  1- 3 |  4- 6 || total
-------------------------+-------+-------++-------
Melee: Unarmed           |    26 |       ||    26
       Constrict         |     7 |    10 ||    17
       Tentacles         |     4 |     6 ||    10
       Flail             |     4 |       ||     4
       War axe           |       |    28 ||    28
       Whip              |       |     1 ||     1
 Cast: Magic Dart        |    42 |    81 ||   123
  Use: Scroll            |     4 |     3 ||     7
       Potion            |       |     2 ||     2
 Stab: Sleeping          |     3 |       ||     3
  Eat: Chunk             |     3 |     8 ||    11
Armor: Skin              |     5 |     6 ||    11
Dodge: Dodged            |    31 |    33 ||    64

Table legend:
 A = Spawn XP
 B = Non-spawn XP
 C = Spawn XP percentage of total XP
 D = Spawn monster count
 E = Non-spawn monster count
 F = Spawn count percentage of total count
 G = Total turns spent on level
                    A         B        C        D         E        F      G
               +---------+---------+-------+---------+---------+-------+---------
         Total |       0 |     280 |   0.0 |       0 |      57 |   0.0 |  4801
               +---------+---------+-------+---------+---------+-------+---------
           D:1 |       0 |      38 |   0.0 |       0 |      16 |   0.0 |  1301
           D:2 |       0 |      52 |   0.0 |       0 |      11 |   0.0 |  1000
           D:3 |       0 |      77 |   0.0 |       0 |      23 |   0.0 |  1285
           D:4 |       0 |      85 |   0.0 |       0 |       4 |   0.0 |  1084
           D:5 |       0 |      28 |   0.0 |       0 |       3 |   0.0 |   131
               +---------+---------+-------+---------+---------+-------+---------
